 Dungeon Crawl Stone Soup version 0.29-a0-468-ge57f7f99b4 (webtiles) character file.

Game seed: 3934357081013744320

22 hquester the Skirmisher (level 2, -6/24 HPs)
             Began as a Demonspawn Abyssal Knight on May 21, 2022.
             Was a Believer of Lugonu.
             Mangled by a gnoll
             ... wielding a +0 halberd
              (11 damage)
             ... on level 2 of the Dungeon.
             The game lasted 00:03:45 (938 turns).

hquester the Skirmisher (Demonspawn Abyssal Knight)  Turns: 938, Time: 00:03:46

Health: -6/24      AC:  4    Str: 13    XL:     2   Next: 68%
Magic:  1/1        EV: 11    Int: 11    God:    Lugonu [**....]
Gold:   30         SH:  0    Dex: 13    Spells: 1/1 levels left

rFire   . . .      SeeInvis .   f - +2 short sword (antimagic)
rCold   . . .      Faith    .   (no shield)
rNeg    . . .      Spirit   .   b - +0 leather armour
rPois   .          Reflect  .   (no helmet)
rElec   .          Harm     .   (no cloak)
rCorr   .          Rampage  .   (no gloves)
Will    .....                   a - +0 pair of boots
Stlth   +.........              (no amulet)
HPRegen 0.08/turn               (no ring)
MPRegen 0.07/turn               (no ring)

@: no status effects
A: demonic touch 1
a: Renounce Religion, Depart the Abyss, Bend Space


You were on level 2 of the Dungeon.
You worshipped Lugonu.
Lugonu was pleased with you.
You visited 1 branch of the dungeon, and saw 2 of its levels.
You visited the Abyss 1 time.

You collected 30 gold pieces.

Inventory:

Hand Weapons
 f - a +2 antimagic short sword (weapon)
Armour
 a - a +0 pair of boots (worn)
 b - a +0 leather armour (worn)
Jewellery
 e - a ring of resist corrosion
Scrolls
 c - 3 scrolls of identify {unknown}
 d - a scroll of fog {unknown}
 g - a scroll of amnesia {unknown}


   Skills:
 + Level 3.1 Fighting
 + Level 2.0 Short Blades
 + Level 2.0 Armour
 + Level 1.3 Dodging
 - Level 0.3 Unarmed Combat
 + Level 2.9 Invocations


You had one spell level left.
You didn't know any spells.
Your spell library was empty.

Dungeon Overview and Level Annotations

Branches:
Dungeon (2/15)

Altars:


Innate Abilities, Weirdness & Mutations

Your touch may inflict minor irresistible damage on your foes.


Message History

You kill the goblin!
Lugonu accepts your kill.
You see here a +0 dagger.
Found a stone staircase leading down.
HP restored.
There is a stone staircase leading up here.
Found a stone staircase leading up.
You now have 20 gold pieces (gained 8).
You now have 30 gold pieces (gained 10).
A frilled lizard comes into view.
A gnoll comes into view. It is wielding a +0 halberd.
Found a leather armour.
A gnoll comes into view. It is wielding a +0 whip.
The gnoll shouts!
A gnoll comes into view. It is wielding a +0 flail.
You see here 13 gold pieces.
The frilled lizard unfolds its giant frill.
The gnoll barely misses you.
You hit the gnoll.
You touch the gnoll.
The gnoll is severely wounded.
The gnoll attacks as you move away! The gnoll hits you with a +0 whip.
The gnoll hits you with a +0 halberd! The gnoll closely misses you.
You hit the gnoll. You punch the gnoll.
The gnoll is severely wounded.
The gnoll hits you but does no damage.
You hit the gnoll.
The gnoll is severely wounded.
The gnoll closely misses you. The gnoll barely misses you.
You hit the gnoll.
The gnoll is almost dead.
The gnoll barely misses you. The gnoll hits you with a +0 whip.
The frilled lizard closely misses you.
You hit the gnoll.
You kill the gnoll!
Lugonu accepts your kill. The frilled lizard bites you.
* * * LOW HITPOINT WARNING * * *
The gnoll hits you from afar with a +0 halberd!
You die...

...##.##...##...)...###.#
....l.#...##.####......#
#..............###..#
#..$.#......<### ....
##...####..##. #.#
#............ #
#..##.###.####. .[...
#...#)# ..g. ###gl@# ...
##### g..


You could see a gnoll and a frilled lizard.

Vanquished Creatures
  A gnoll (D:2)
  2 ball pythons (D:1)
  2 bats (D:1)
  2 endoplasms (D:1)
  6 goblins
  A hobgoblin (D:1)
  2 frilled lizards (D:1)
  2 kobolds (D:1)
  3 rats (D:1)
21 creatures vanquished.

Notes
Turn   | Place    | Note
-------+----------+-------------------------------------------
     0 | Abyss:1  | hquester the Demonspawn Abyssal Knight began the quest for
                  | the Orb.
     0 | Abyss:1  | Reached XP level 1. HP: 18/18 MP: 2/2
    16 | D:1      | Escaped the Abyss
    49 | D:1      | Reached skill level 1 in Dodging
   418 | D:1      | Gained mutation: Your touch may inflict minor irresistible
                  | damage on your foes. [demonic ancestry]
   418 | D:1      | Reached XP level 2. HP: 16/24 MP: 4/4
   843 | D:1      | Found a faded altar of an unknown god.
   938 | D:2      | Mangled by a gnoll

Illustrated notes

Levels and vault maps discovered:
D:1:      psy_arrival_statuary, layout_rooms, shapermc_ecumenical_altar_petra,
          serial_park_tiny_1
D:2:      layout_rooms, kennysheep_jessica_study, uniq_terence

Skill      XL: |  1  2 |
---------------+-------+-----
Dodging        | 1 |  1.3
Armour         | 2 |  2.0
Short Blades   | 2 |  2.0
Fighting       | |  3.1
Unarmed Combat | |  0.3
Invocations    | |  2.9

Action                   || total
-------------------------++-------
Melee: Short sword       ||    36
       Unarmed           ||    34
       Touch             ||     5
       Punch             ||     1
Armor: Leather armour    ||    19
Dodge: Dodged            ||    48

Table legend: (Time is in decaauts)
 A = Elapsed time spent in this place.
 B = Non-inter-level travel time spent in this place.
 C = Inter-level travel time spent in this place.
 D = Time resting spent in this place.
 E = Time spent auto-exploring this place.
 F = Levels seen in this place.
 G = Mean time per level.
                   A        B        C        D        E       F      G
               +--------+--------+--------+--------+--------+-----+--------+
         Total |    936 |    910 |     26 |      0 |    684 |   3 |  312.0 |
       Dungeon |    920 |    894 |     26 |      0 |    674 |   2 |  460.0 |
         Abyss |     16 |     16 |      0 |      0 |     10 |   1 |   16.0 |
               +--------+--------+--------+--------+--------+-----+--------+

Top non-repeatable levels by time:
     D:1: 865 daAuts
     D:2: 54 daAuts
 Abyss:1: 16 daAuts
